 Dungeon Crawl Stone Soup version 0.20.0-3-g22ec75f (webtiles) character file.

1127 Deemzul the Poker (level 8, -9/64 HPs)
             Began as a Formicid Fighter on May 26, 2017.
             Mangled by an ogre
             ... wielding a +0 giant spiked club
              (32 damage)
             ... on level 5 of the Dungeon.
             The game lasted 00:06:50 (5401 turns).

Deemzul the Poker (Formicid Fighter)                Turns: 5401, Time: 00:06:51

Health: -9/64      AC:  7    Str: 21      XL:     8   Next: 61%
Magic:  8/8        EV:  8    Int:  6 (9)  God:
Gold:   192        SH: 10    Dex:  9 (11) Spells: 7/7 levels left

rFire    + . .     SeeInvis +   u - +1 spear (flame)
rCold    . . .     Gourm    +   c - +0 shield
rNeg     . . .     Faith    .   b - +0 scale mail
rPois    .         Spirit   .   (helmet unavailable)
rElec    .         Reflect  .   (no cloak)
rCorr    .         Harm     .   (no gloves)
MR       .....                  (no boots)
Stlth    ..........             A - amulet of the gourmand
Regen    0.2/turn               z - ring of protection from fire
MPRegen  0.2/turn               (no ring)

@: no status effects
A: permanent stasis, dig shafts and tunnels, four strong arms, antennae 3,
evolution 2, subdued magic 2
a: Dig, Shaft Self


You were on level 5 of the Dungeon.
You were completely stuffed.

You visited 1 branch of the dungeon, and saw 5 of its levels.

You collected 192 gold pieces.

Inventory:

Hand Weapons
 a - a +0 trident
 u - a +1 spear of flaming (weapon)
Missiles
 d - 6 curare-tipped needles
Armour
 b - a +0 scale mail (worn)
 c - a +0 shield (worn)
Jewellery
 e - an uncursed ring of wizardry {unknown}
 z - a ring of protection from fire (left hand)
 A - an amulet of the gourmand (around neck)
 B - a +4 amulet of reflection {unknown}
Scrolls
 g - a scroll of immolation {unknown}
 h - 2 scrolls of enchant weapon
 j - a scroll of enchant armour {unknown}
 n - 2 scrolls of magic mapping {unknown}
 o - 4 scrolls of identify
 p - 5 scrolls of remove curse {unknown}
 r - 2 scrolls of amnesia {unknown}
 t - a scroll of fog {unknown}
 x - 2 scrolls of random uselessness
 y - 3 scrolls of recharging {unknown}
 E - a scroll of blinking {unknown}
Potions
 m - a potion of ambrosia
 q - a potion of cancellation
 v - a potion of haste
 D - a potion of heal wounds
Books
 C - Huemiakh's Reference Book on Black Arts and Good Luck
   (You found it on level 5 of the Dungeon)

   Spells                             Type                      Level
   a - Infusion                       Charms                       1
   b - Corpse Rot                     Necromancy                   2
   c - Regeneration                   Charms/Necromancy            3
   d - Vampiric Draining              Necromancy                   3
   e - Iskenderun's Battlesphere      Conjuration/Charms           5
   f - Dispel Undead                  Necromancy                   5
Comestibles
 f - 7 bread rations
 i - a royal jelly
 k - 3 meat rations
 w - 4 fruits


   Skills:
 + Level 5.6 Fighting
 * Level 6.4 Polearms
 + Level 5.6 Armour
 + Level 6.3 Shields


You had 7 spell levels left.
You didn't know any spells.

Dungeon Overview and Level Annotations

Branches:
Dungeon (5/15)
 Temple: D:4-7

Altars:
Kikubaaqudgha
Sif Muna
Trog

Shops:
D:5 (

Annotations:
D:4 Deemzul's ghost, amateur FoFi
D:5 Unholydonuts's ghost, novice GrGl


Innate Abilities, Weirdness & Mutations

You cannot be hasted, slowed, berserked, paralysed or teleported.
You can dig through walls and to a lower floor.
Your four strong arms can wield two-handed weapons with a shield.
You have a pair of large antennae on your head. (SInv)
You rapidly evolve.
Your spells are easier to cast, but less powerful.


Message History

Drop what? 30/52 slots (_ for help) (? for menu, Esc to quit)
You drop a potion of degeneration.
Attack whom?
Press: ? - help, Dir - move target cursor, f - ogre
Aim: an ogre, wielding a giant spiked club You reach to attack!
You barely miss the ogre. You barely miss the ogre.
The ogre hits you with a giant spiked club!!
You are too injured to fight recklessly!
You are too injured to fight recklessly!
You hit the ogre. You burn the ogre.
The ogre is moderately wounded.
Attack whom?
Press: ? - help, Dir - move target cursor, f/p - ogre
Aim: an ogre, wielding a giant spiked club (moderately wounded)
You hit the ogre. You burn the ogre.
The ogre is heavily wounded.
The ogre hits you with a giant spiked club!!
Ouch! That really hurt!
You die...

####...#.....
#......>.....
#...........#
#..........##
#######...#.#.##
#.!............#
#.#####...####.#
########.# ##<.#
#.# #....)@O.#
#..####.#
#.########
#..##.... #.#
#..##.... #.#
#........ #.#
###.##.... #.#
#...##.... #.#
#.######.# #.#
#.# #.# #.###
#)# #..


You could see an ogre.

Vanquished Creatures
  A sky beast (D:5)
  3 eyes of draining (D:3)
  An ogre (D:3)
  A crimson imp (D:5)
  A bullfrog zombie (D:5)
  A gnoll shaman (D:3)
  Terence (D:2)
  Jessica (D:2)
  5 worker ants
  A hound skeleton (D:3)
  A worker ant zombie (D:5)
  15 gnolls
  A howler monkey skeleton (D:4)
  10 adders
  An adder zombie (D:5)
  2 worms
  4 dart slugs
  7 leopard geckos
  18 orcs
  6 bats
  A giant cockroach (D:2)
  12 goblins
  18 hobgoblins
  8 jackals
  8 kobolds
  A quokka (D:3)
  3 ball pythons
  7 frilled lizards
  10 rats
149 creatures vanquished.

Notes
Turn   | Place    | Note
-------+----------+-------------------------------------------
     0 | D:1      | Deemzul the Formicid Fighter began the quest for the Orb.
     0 | D:1      | Reached XP level 1. HP: 18/18 MP: 1/1
   143 | D:1      | Reached XP level 2. HP: 10/24 MP: 2/2
   874 | D:1      | Reached XP level 3. HP: 28/29 MP: 3/3
  1205 | D:2      | Found an ancient bone altar of Kikubaaqudgha.
  1238 | D:2      | Noticed Jessica
  1243 | D:2      | Killed Jessica
  1243 | D:2      | Reached XP level 4. HP: 34/37 MP: 4/4
  1267 | D:2      | Noticed Terence
  1275 | D:2      | Killed Terence
  1392 | D:2      | Reached XP level 5. HP: 42/42 MP: 5/5
  1521 | D:2      | Found a faded altar of an unknown god.
  1878 | D:3      | Found a deep blue altar of Sif Muna.
  2238 | D:3      | Reached XP level 6. HP: 49/49 MP: 6/6
  2650 | D:3      | Found a bloodstained altar of Trog.
  2650 | D:3      | Noticed an eye of draining
  2650 | D:3      | Noticed an eye of draining
  2651 | D:3      | Noticed an eye of draining
  2783 | D:3      | Killed an eye of draining
  2783 | D:3      | Reached skill level 5 in Shields
  2814 | D:3      | Killed an eye of draining
  2814 | D:3      | Reached XP level 7. HP: 54/55 MP: 0/7
  2825 | D:3      | Reached skill level 5 in Polearms
  3211 | D:3      | Reached skill level 5 in Fighting
  3483 | D:4      | Reached skill level 5 in Armour
  3788 | D:3      | Reached XP level 8. HP: 56/62 MP: 8/8
  3874 | D:4      | Noticed Deemzul's ghost (amateur FoFi)
  4004 | D:5      | Entered Level 5 of the Dungeon
  4136 | D:5      | Gained mutation: Your spells are a little easier to cast, but a little less powerful. [mutagenic meat]
  4137 | D:5      | Gained mutation: You evolve. [mutagenic meat]
  4138 | D:5      | Gained mutation: Your spells are easier to cast, but less powerful. [mutagenic meat]
  4139 | D:5      | Gained mutation: You rapidly evolve. [mutagenic meat]
  4415 | D:5      | Noticed Unholydonuts's ghost (novice GrGl)
  5095 | D:5      | Identified Huemiakh's Reference Book on Black Arts and Good Luck
  5128 | D:5      | Found Dabouxt's Antique Weapon Emporium.
  5401 | D:5      | Mangled by an ogre

Skill      XL: |  1  2  3  4  5  6  7  8 |
---------------+-------------------------+-----
Shields        | 4 5 6 |  6.3
Fighting       | 4 5 |  5.6
Polearms       | 3 4 5 6 |  6.4
Armour         | 4 5 |  5.6

Action                   |  1- 3 |  4- 6 |  7- 9 || total
-------------------------+-------+-------+-------++-------
Melee: Trident           |    79 |   147 |       ||   226
       Spear             |       |   115 |   405 ||   520
  Use: Potion            |       |     1 |     7 ||     8
       Scroll            |       |       |     3 ||     3
  Eat: Chunk             |     1 |     5 |    22 ||    28
Armor: Scale mail        |    25 |    76 |    70 ||   171
Dodge: Dodged            |    13 |    71 |    62 ||   146
Block: Shield            |    19 |    95 |   139 ||   253
